 Dungeon Crawl Stone Soup version 0.21.1-1-g345015f (webtiles) character file.

2987 rlgrobin the Schismatic (level 9, -5/71 HPs)
             Began as a Demonspawn Abyssal Knight on Feb 9, 2018.
             Was an Elder of Lugonu.
             Slain by a two-headed ogre
             ... wielding a +0 giant club
              (17 damage)
             ... on level 9 of the Dungeon.
             The game lasted 00:33:06 (10402 turns).

rlgrobin the Schismatic (DsAK)                     Turns: 10402, Time: 00:33:06

Health: -5/71      AC:  6    Str: 16    XL:     9   Next: 53%
Magic:  11/14      EV: 13    Int: 13    God:    Lugonu [****..]
Gold:   540        SH:  0    Dex: 11    Spells: 8/8 levels left

rFire    + + .     SeeInvis +   a - +2 hand axe
rCold    . . .     Gourm    +   (no shield)
rNeg     . . .     Faith    .   v - +3 leather armour
rPois    .         Spirit   .   (helmet restricted)
rElec    .         Reflect  .   (no cloak)
rCorr    .         Harm     .   (no gloves)
MR       +....                  (boots unavailable)
Stlth    +.........             u - amulet of the gourmand
HPRegen  0.21/turn              q - ring of protection from magic
MPRegen  0.14/turn              m - ring of see invisible

@: no status effects
A: antennae 1, claws 2, talons 3, blink, clumsy 1, demonic guardian 1, fire
resistance 2
a: Blink, Depart the Abyss, Bend Space, Banish, Corrupt, Renounce Religion


You were on level 9 of the Dungeon.
You worshipped Lugonu.
Lugonu was greatly pleased with you.
You were very full.

You visited 1 branch of the dungeon, and saw 10 of its levels.
You visited the Abyss 1 time.

You collected 540 gold pieces.


Innate Abilities, Weirdness & Mutations

You have a pair of small antennae on your head.
You have very sharp fingernails.
You have claws for feet.
A weak demonic guardian rushes to your aid.
Your flesh is very heat resistant. (rF++)
You can translocate small distances at will.
You are clumsy. (Dex -2)


   Skills:
 + Level 6.4 Fighting
 + Level 5.5 Axes
 + Level 5.6 Armour
 + Level 3.5 Dodging
 + Level 4.6 Unarmed Combat
 + Level 7.9 Invocations


You had 8 spell levels left.
You didn't know any spells.

Inventory:

Hand Weapons
 a - a +2 hand axe (weapon)
Armour
 b - a +0 leather armour
 d - a +1 ring mail
 f - a +0 pair of boots
 g - a +0 ring mail
 l - a +0 plate armour
 v - a +3 leather armour (worn)
Jewellery
 h - an uncursed ring of loudness
 m - a ring of see invisible (right claw)
 n - an uncursed amulet of magic regeneration
 q - a ring of protection from magic (left claw)
 u - an amulet of the gourmand (around neck)
Wands
 s - a wand of enslavement (15)
 t - a wand of scattershot (3)
 B - a wand of flame (20)
Scrolls
 e - 2 scrolls of teleportation {@r4}
 i - 2 scrolls of fear
 j - 3 scrolls of identify {@r1}
 k - 2 scrolls of blinking
 w - a scroll of enchant armour
 y - a scroll of amnesia
 A - a scroll of noise {!r}
 C - a scroll of remove curse
Potions
 o - 2 potions of ambrosia
 p - 2 potions of curing {@q1}
 r - a potion of mutation {!q}
 x - 2 potions of degeneration {!q}
 z - a potion of invisibility
Comestibles
 c - 11 rations

Dungeon Overview and Level Annotations

Branches:
Dungeon (10/15)            Temple (0/1) D:5            Lair (0/6) D:8
    Orc: D:9-12

Altars:
Elyvilon
Sif Muna
Vehumet
Wu Jian
Yredelemnul
Zin

Shops:
D:5 [   D:6 [ D:8

* .. ▒.▒ ▒.▒ ▒▒▒▒▒▒▒▒
▒▒▒.▒▒▒ ▒......▒ ▒.....▒
▒.▒ ▒.▒ ▒.▒.▒.▒
▒.▒▒▒▒.▒▒▒▒▒▒.▒.▒>▒▒▒▒▒
▒.....O.....▒..........
▒.>▒▒▒6▒▒▒▒....)..▒▒▒▒.
▒..▒ ▒.▒ ▒▒▒.....▒
▒..▒▒▒.▒ ▒.....▒
▒▒......▒▒▒ ▒▒▒.▒▒▒ ▒.
▒.........▒ ▒.▒ ▒.
▒.▒.▒▒▒▒▒.▒ ▒▒'▒▒ ▒.
▒.▒.▒ ▒.▒ ▒▒...▒▒▒▒▒.
▒.▒.▒▒▒▒▒.▒ ▒▒..........
▒.▒....▒▒.▒▒▒.......▒▒▒.


You could see a two-headed ogre.


Message History

The two-headed ogre is severely wounded!
Use which ability? (? or * to list)
Aim: a two-headed ogre, wielding a giant club and a giant spiked club (severely wounded, chance to defeat MR: 72%)
You fail to use your ability!
The two-headed ogre barely misses you!
The two-headed ogre hits you with a giant spiked club!!! * * * don't die
* * * You take 7 damage, and have 22/71 hp!
The two-headed ogre hits your shadow imp with a giant club!!!!!!
Your shadow imp dies!!!
You feel better!
You regained 7 hp, and now have 29/71 hp!
You dice the two-headed ogre like an onion!
The two-headed ogre is severely wounded!
The two-headed ogre barely misses you!
The two-headed ogre hits you but does no damage!
You dice the two-headed ogre like an onion!
You claw the two-headed ogre!
The two-headed ogre is almost dead!
You dice the two-headed ogre like an onion!!!
Your kick misses the two-headed ogre!
The two-headed ogre is almost dead!
The two-headed ogre hits you with a giant club!!!!!! * * * don't die
* * * The two-headed ogre barely misses you!
You take 18 damage, and have 12/71 hp!
MASSIVE DAMAGE!!!!!!
You dice the two-headed ogre but do no damage!
The two-headed ogre is almost dead!
The two-headed ogre hits you with a giant club!!! rip

Action                   |  1- 3 |  4- 6 |  7- 9 || total
-------------------------+-------+-------+-------++-------
Melee: Hand axe          |   155 |   182 |   261 ||   598
       Kick              |       |    43 |    66 ||   109
       Unarmed           |       |     1 |       ||     1
       Punch             |       |       |     1 ||     1
Invok: Bend Space        |       |     1 |     1 ||     2
       Banish            |       |     1 |     3 ||     4
 Abil: Blink             |       |       |     1 ||     1
  Use: Scroll            |       |    10 |    10 ||    20
       Potion            |       |     3 |    10 ||    13
 Stab: Invisible         |       |     1 |       ||     1
       Distracted        |       |       |     1 ||     1
  Eat: Chunk             |     4 |    12 |    19 ||    35
       Ration            |       |       |     1 ||     1
Armor: Ring mail         |    66 |    76 |    57 ||   199
       Leather armour    |       |       |    29 ||    29
Dodge: Dodged            |   116 |   107 |   155 ||   378

Vault maps used:
D:1:      sevenhm_arrival_forest_fort_large_2, kennysheep_boxes
D:2:      serial_co_window_serial, co_window_corner_a, co_window_paths_a,
          co_window_corner_a, co_window_paths_a, co_window_of_opportunity_a,
          co_window_paths_b, co_window_paths_b, co_window_corner_cb,
          co_window_cross_2, co_window_of_opportunity_c, co_window_corner_b,
          co_window_corner_b, co_window_broadway_a, co_window_paths_d,
          glass_columns_a, glass_columns_a, glass_columns_a, glass_columns_a,
          glass_columns_a
D:3:      nicolae_overflow_crystal_walls, vehumet_crystals, lemuel_round_altar,
          minivault_24
D:4:      first_ration
D:5:      elyvilon_altar_4, temple_statues, cheibrodos_sewer_entry_bend,
          serial_shops, nicolae_shop_temple_entry_statues_fountains
D:6:      overflow_temple_1_default, serial_shops, shop_statue, roderic_batcave,
          uniq_duvessa
D:7:      kennysheep_mini
D:8:      zin_purify, dpeg_oklobed_lair
D:9:      xom_confusion_cloud, lemuel_round_altar, enter_bailey_2, basic_altar
D:10:     serial_shops, kennysheep_little_box

Notes
Turn   | Place    | Note
-------+----------+-------------------------------------------
     0 | Abyss:1  | rlgrobin the Demonspawn Abyssal Knight began the quest for the Orb.
     0 | Abyss:1  | Reached XP level 1. HP: 18/18 MP: 2/2
     5 | Abyss:1  | Found a shimmering altar of Xom.
     5 | Abyss:1  | Found a corrupted altar of Lugonu.
    15 | D:1      | Escaped the Abyss
   444 | D:1      | Reached skill level 2 in Axes
   444 | D:1      | Reached skill level 2 in Armour
   447 | D:1      | Gained mutation: Your flesh is heat resistant. (rF+) [demonic ancestry]
   447 | D:1      | Reached XP level 2. HP: 24/24 MP: 4/4
   641 | D:1      | Reached skill level 3 in Invocations
   874 | D:1      | Reached ** piety under Lugonu
   946 | D:1      | You feel monstrous as your demonic heritage exerts itself.
   946 | D:1      | Gained mutation: You have sharp fingernails. [demonic ancestry]
   946 | D:1      | Reached XP level 3. HP: 28/29 MP: 5/5
  2313 | D:2      | Gained mutation: You have sharp toenails. [demonic ancestry]
  2313 | D:2      | Reached XP level 4. HP: 18/35 MP: 6/6
  2713 | D:3      | Found a deep blue altar of Sif Muna.
  2761 | D:3      | Found a radiant altar of Vehumet.
  3228 | D:3      | Found an ornate altar of the Wu Jian Council.
  3788 | D:3      | Reached skill level 1 in Unarmed Combat
  3935 | D:3      | Reached skill level 4 in Invocations
  3935 | D:3      | Gained mutation: You have razor-sharp toenails. [demonic ancestry]
  3935 | D:3      | Reached XP level 5. HP: 18/42 MP: 6/8
  4137 | D:4      | Reached *** piety under Lugonu
  4153 | D:4      | Noticed Mgcat's ghost (amateur DrBe)
  4431 | D:4      | Reached skill level 3 in Armour
  4518 | D:4      | Reached skill level 4 in Fighting
  4743 | D:4      | Gained mutation: Your flesh is very heat resistant. (rF++) [potion of mutation]
  4743 | D:4      | Gained mutation: You have claws for feet. [potion of mutation]
  4743 | D:4      | Gained mutation: You are clumsy. (Dex -2) [potion of mutation]
  4743 | D:4      | Gained mutation: You can translocate small distances at will. [potion of mutation]
  4746 | D:4      | Banished Mgcat's ghost
  4746 | D:4      | Reached skill level 3 in Axes
  4746 | D:4      | Gained mutation: A weak demonic guardian rushes to your aid. [demonic ancestry]
  4746 | D:4      | Reached XP level 6. HP: 48/48 MP: 9/9
  5502 | D:5      | Entered Level 5 of the Dungeon
  5511 | D:4      | Reached skill level 2 in Unarmed Combat
  5545 | D:4      | Reached skill level 5 in Invocations
  5729 | D:5      | Found a staircase to the Ecumenical Temple.
  5730 | D:5      | Found Ameimimm's Armour Boutique.
  5776 | D:5      | Reached XP level 7. HP: 16/55 MP: 10/10
  6401 | D:5      | Found a white marble altar of Elyvilon.
  6834 | D:6      | Reached skill level 4 in Armour
  7103 | D:6      | Identified a potion of resistance
  7126 | D:6      | Reached skill level 3 in Unarmed Combat
  7178 | D:6      | Reached skill level 5 in Fighting
  7178 | D:6      | Reached skill level 4 in Axes
  7446 | D:6      | Reached skill level 1 in Dodging
  7610 | D:6      | Noticed Duvessa
  7610 | D:6      | Noticed Dowan
  7617 | D:6      | Killed Duvessa
  7617 | D:6      | Reached skill level 6 in Invocations
  7617 | D:6      | Gained mutation: You have very sharp fingernails. [demonic ancestry]
  7617 | D:6      | Reached XP level 8. HP: 38/62 MP: 12/12
  7620 | D:6      | Killed Dowan
  7827 | D:6      | Reached **** piety under Lugonu
  7883 | D:6      | Found a basalt altar of Yredelemnul.
  7884 | D:6      | Found Cividghia's Armour Shop.
  8529 | D:7      | Reached skill level 2 in Dodging
  8587 | D:7      | You fall through a shaft for 3 floors!
  8587 | D:10     | Entered Level 10 of the Dungeon
  8809 | D:9      | Reached skill level 5 in Armour
  8853 | D:8      | Reached skill level 7 in Invocations
  8860 | D:8      | Reached skill level 4 in Unarmed Combat
  9064 | D:8      | Noticed a two-headed ogre
  9081 | D:8      | Banished a two-headed ogre
  9081 | D:8      | Reached skill level 6 in Fighting
  9081 | D:8      | Reached skill level 5 in Axes
  9081 | D:8      | Reached skill level 3 in Dodging
  9081 | D:8      | Gained mutation: You have a pair of small antennae on your head. [demonic ancestry]
  9081 | D:8      | Reached XP level 9. HP: 32/69 MP: 14/14
  9263 | D:8      | Found a staircase to the Lair.
  9455 | D:8      | Noticed a two-headed ogre
  9456 | D:8      | Banished a two-headed ogre
  9496 | D:8      | Found Zin's Purification Station.
  9499 | D:8      | Found a glowing silver altar of Zin.
 10381 | D:9      | Noticed a two-headed ogre
 10402 | D:9      | Slain by a two-headed ogre

Vanquished Creatures
  A yak (D:10)
  Duvessa (D:6)
  3 ice beasts
  A sky beast (D:7)
  An ogre (D:6)
  A centaur (D:8)
  3 bullfrogs
  Dowan (D:6)
  2 scorpions
  A vampire bat (D:6)
  2 crimson imps
  4 hounds
  3 centaur skeletons
  2 orc priests (D:5)
  3 orc wizards
  An iguana (D:4)
  5 worker ants
  A howler monkey zombie (D:5)
  7 gnolls
  4 adders
  A shadow imp (D:5)
  An ooze (D:4)
  An adder skeleton (D:7)
  4 worms
  2 dart slugs
  3 leopard geckos
  20 orcs
  A ball python (D:2)
  7 giant cockroaches
  13 goblins
  9 hobgoblins
  13 jackals
  10 kobolds
  A quokka (D:5)
  11 bats
  5 frilled lizards
  A jackal skeleton (D:8)
  A quokka zombie (D:7)
  2 rats (D:3)
153 creatures vanquished.

Vanquished Creatures (collateral kills)
  A hippogriff (D:8)
  A centaur (D:9)
  A bullfrog (D:6)
  A scorpion (D:5)
  A crimson imp (D:5)
  2 hounds
  An orc (D:6)
8 creatures vanquished.

Vanquished Creatures (others)
  2 two-headed ogres (D:8)
  The ghost of Mgcat the Skirmisher, an amateur DrBe of Trog (D:4)
  A black bear (D:9)
  An ogre (D:9)
  A scorpion (D:9)
  A howler monkey (D:9)
  An adder (D:9)
  A quokka (D:5)
9 creatures vanquished.

Grand Total: 170 creatures vanquished
